Map: 2000 Atmospheres LE

Players

Rail - Winner!

  • Race: Protoss Protoss

KingCobra

  • Race: Protoss Protoss

Event: DreamHack SC2 Masters 2021 Winter

VOD

Have the link to the VOD?

Description

Time

  • Played on: Oct. 6, 2021, 12:45 p.m.
  • Length: 12:18

All games in this series

Show
View Real Time Build Order
Export as new Build Order

Rail Protoss - Winner!

Build Orders: Phoenix Opening 

Get SALT Encoding   

  12  0:00  Probe  
  13  0:13  Probe  
  14  0:17  Pylon  
  14  0:25  Probe  
  15  0:35  Gateway  
  15  0:38  Probe (Chrono Boost)  
  16  0:48  Assimilator, Probe (Chrono Boost)  
  17  0:53  Probe (Chrono Boost)  
  18  1:05  Probe (Chrono Boost)  
  18  1:06  Assimilator  
  19  1:12  Gateway  
  19  1:14  Probe (Chrono Boost)  
  20  1:23  Cybernetics Core  
  20  1:25  Probe  
  21  1:37  Probe  
  21  1:38  Pylon  
  22  1:49  Probe  
  23  1:56  Pylon  
  23  1:59  Adept x2  
  23  2:01  Warp Gate  
  27  2:19  Pylon  
  27  2:26  Cybernetics Core  
  27  2:29  Stalker  
  29  2:33  Stalker  
  31  2:39  Probe  
  31  2:52  Probe  
  32  2:59  Stargate  
  32  3:10  Probe  
  33  3:16  Stalker  
  34  3:25  Probe  
  34  3:42  Phoenix (Chrono Boost)  
  34  3:44  Pylon  
  34  3:46  Robotics Facility  
  36  3:58  Phoenix  
  38  4:10  Probe  
  39  4:23  Phoenix  
  41  4:27  Pylon  
  41  4:32  Probe  
  41  4:34  Observer  
  41  4:37  Pylon  
  43  4:48  Phoenix  
  45  4:58  Nexus  
  49  5:07  Immortal (Chrono Boost)  
  49  5:11  Probe  
  50  5:17  Sentry  
  52  5:23  Probe  
  52  5:27  Stalker  
  55  5:36  Shield Battery  
  55  5:42  Warp Prism (Chrono Boost)  
  57  5:51  Stalker  
  59  5:59  Stalker  
  61  6:07  Phoenix (Chrono Boost)  
  63  6:15  Stalker  
  65  6:22  Stalker  
  65  6:25  Probe  
  65  6:42  Stalker  
  65  6:43  Probe  
  65  6:44  Probe  
  65  6:46  Stalker  
  71  7:07  Stalker, Probe  
  74  7:12  Probe (Chrono Boost)  
  69  7:17  Stalker  
  69  7:19  Probe (Chrono Boost)  
  68  7:24  Probe (Chrono Boost)  
  70  7:30  Assimilator x2, Probe (Chrono Boost)  
  70  7:31  Probe (Chrono Boost)  
  70  7:33  Stargate  
  70  7:35  Probe (Chrono Boost)  
  72  7:38  Probe (Chrono Boost)  
  72  7:41  Stalker  
  72  7:44  Zealot  
  77  7:45  Probe (Chrono Boost)  
  77  7:49  Pylon  
  78  7:57  Pylon  
  78  8:07  Probe  
  78  8:09  Fleet Beacon  
  79  8:13  Zealot x2  
  79  8:16  Pylon  
  84  8:20  Phoenix  
  85  8:31  Pylon  
  85  8:39  Phoenix  
  87  8:45  Phoenix  
  89  8:49  Nexus  
  89  8:54  Anion Pulse-Crystals (Chrono Boost)  
  89  9:04  Pylon  
  89  9:06  Phoenix  
  91  9:14  Pylon  
  91  9:16  Phoenix (Chrono Boost)  
  93  9:19  Observer  
  93  9:23  Pylon  
  94  9:30  Probe x2  
  94  9:31  Phoenix (Chrono Boost)  
  98  9:45  Assimilator  
  100  9:46  Phoenix (Chrono Boost)  
  100  9:48  Probe x2  
  100  9:49  Assimilator  
  100  9:50  Phoenix (Chrono Boost)  
  104  9:57  Pylon  
  104  10:02  Probe x2  
  104  10:06  Stargate  
  106  10:08  Probe  
  103  10:19  Phoenix (Chrono Boost), Probe  
  105  10:24  Probe  
  106  10:29  Phoenix (Chrono Boost)  
  106  10:31  Probe  
  106  10:34  Probe  
  110  10:40  Sentry  
  110  10:41  Phoenix (Chrono Boost)  
  114  10:46  Probe  
  115  10:51  Phoenix (Chrono Boost)  
  115  10:52  Probe  
  115  10:55  Probe  
  119  10:59  Phoenix (Chrono Boost)  
  119  11:02  Observer  
  122  11:04  Probe x2  
  122  11:08  Phoenix (Chrono Boost)  
  126  11:16  Phoenix (Chrono Boost)  
  128  11:22  Phoenix (Chrono Boost)  
  130  11:28  Zealot  
  132  11:34  Phoenix x2 (Chrono Boost)  
  132  11:36  Probe  
  135  11:47  Zealot, Phoenix (Chrono Boost)  
  135  11:52  Phoenix  
  137  11:56  Observer  
  137  12:00  Stalker, Probe  
Show
View Real Time Build Order
Export as new Build Order

KingCobra Protoss 

Build Orders: Oracle Opening 

Get SALT Encoding   

  12  0:00  Probe  
  13  0:12  Probe  
  14  0:18  Pylon  
  14  0:24  Probe  
  15  0:36  Gateway  
  15  0:37  Probe (Chrono Boost)  
  16  0:47  Assimilator, Probe (Chrono Boost)  
  17  0:52  Probe (Chrono Boost)  
  17  0:55  Assimilator  
  18  1:04  Probe (Chrono Boost)  
  19  1:06  Pylon  
  19  1:16  Probe (Chrono Boost)  
  20  1:22  Probe (Chrono Boost)  
  20  1:25  Cybernetics Core  
  21  1:30  Probe  
  22  1:36  Zealot  
  24  1:42  Probe  
  25  1:57  Probe  
  26  2:03  Adept (Chrono Boost)  
  26  2:04  Stargate  
  28  2:20  Pylon  
  28  2:23  Probe  
  29  2:34  Pylon  
  29  2:43  Stalker  
  31  2:54  Robotics Facility, Shield Battery  
  31  2:59  Pylon  
  29  3:10  Oracle (Chrono Boost), Shield Battery  
  28  3:13  Stalker  
  33  3:56  Immortal  
  33  3:59  Oracle  
  36  4:03  Probe  
  37  4:18  Pylon  
  37  4:19  Pylon  
  37  4:21  Pylon  
  37  4:26  Nexus  
  37  4:28  Probe  
  38  4:33  Pylon  
  42  4:48  Phoenix  
  40  4:52  Stargate  
  40  4:58  Probe  
  41  5:02  Assimilator  
  41  5:10  Probe  
  41  5:13  Phoenix (Chrono Boost)  
  44  5:14  Pylon  
  44  5:22  Probe  
  45  5:33  Phoenix (Chrono Boost)  
  48  5:37  Probe (Chrono Boost)  
  48  5:39  Phoenix  
  48  5:40  Probe (Chrono Boost)  
  53  5:50  Probe (Chrono Boost)  
  53  5:51  Probe (Chrono Boost)  
  53  5:55  Probe (Chrono Boost)  
  54  5:58  Phoenix, Probe  
  54  6:02  Observer  
  58  6:06  Assimilator, Probe  
  58  6:11  Probe  
  60  6:13  Phoenix  
  62  6:18  Probe  
  62  6:19  Pylon  
  62  6:23  Probe  
  64  6:26  Phoenix  
  65  6:42  Phoenix  
  67  6:50  Shield Battery  
  67  6:52  Shield Battery  
  67  6:53  Immortal  
  57  7:20  Probe (Chrono Boost)  
  55  7:23  Probe (Chrono Boost)  
  56  7:30  Probe (Chrono Boost)  
  56  7:31  Immortal (Chrono Boost), Phoenix  
  56  7:33  Probe (Chrono Boost)  
  64  7:38  Probe (Chrono Boost)  
  64  7:40  Probe (Chrono Boost)  
  63  7:46  Phoenix, Probe  
  66  7:51  Probe  
  66  7:52  Pylon  
  66  7:57  Phoenix  
  69  7:59  Probe  
  69  8:03  Probe  
  71  8:06  Immortal (Chrono Boost)  
  71  8:11  Probe  
  76  8:15  Probe  
  77  8:21  Pylon  
  81  8:29  Probe  
  81  8:30  Probe  
  83  8:41  Immortal (Chrono Boost)  
  83  8:46  Pylon  
  83  8:47  Oracle x2  
  89  8:56  Nexus  
  89  9:06  Shield Battery  
  89  9:09  Shield Battery  
  89  9:14  Pylon  
  89  9:15  Observer (Chrono Boost)  
  89  9:21  Forge  
  89  9:22  Probe x2  
  92  9:34  Probe  
  92  9:35  Fleet Beacon, Protoss Air Weapons Level 1, Probe  
  95  9:52  Probe  
  95  9:53  Probe  
  95  9:54  Photon Cannon  
  95  9:56  Photon Cannon  
  95  9:58  Photon Cannon  
  96  10:01  Photon Cannon  
  96  10:17  Anion Pulse-Crystals (Chrono Boost), Phoenix  
  96  10:18  Phoenix  
  94  10:26  Photon Cannon  
  94  10:27  Photon Cannon  
  94  10:30  Mothership (Chrono Boost)  
  104  10:45  Probe x2 (Chrono Boost)  
  104  10:48  Pylon  
  104  10:50  Phoenix  
  104  11:00  Photon Cannon  
  104  11:01  Shield Battery  
  104  11:02  Observer, Pylon  
  107  11:04  Probe (Chrono Boost)  
  107  11:05  Probe (Chrono Boost)  
  107  11:06  Phoenix  
  109  11:16  Cybernetics Core, Probe x2 (Chrono Boost)  
  112  11:29  Probe (Chrono Boost)  
  112  11:37  Phoenix x2  

Tags
 
Add a new tag
Caveats
  • Supply blocks, unpowered buildings, or Contaminate may cause inaccurate times.
  • Supply counts are checked every 10 seconds.